 Dungeon Crawl Stone Soup version 0.31-a0-360-gb3e1d13bf4 (webtiles) character file.

Game seed: 14968252822897533393

69 Demosthentine the Ducker (level 4, -8/52 HPs)
             Began as a Demonspawn Gladiator on July 21, 2023.
             Mangled by an orc warrior
             ... wielding a +0 long sword
              (13 damage)
             ... on level 1 of the Dungeon on July 27, 2023.
             The game lasted 00:02:03 (1511 turns).

Demosthentine the Ducker (Demonspawn Gladiator)     Turns: 1511, Time: 00:02:04

Health: -8/52      AC:  3    Str: 16    XL:     4   Next: 2%
Magic:  4/4        EV: 12    Int:  9    God:
Gold:   85         SH:  0    Dex: 15    Spells: 3/3 levels left

rFire   . . .        a - +0 trident
rCold   . . .        (no shield)
rNeg    . . .        b - +0 leather armour
rPois   .            (helmet restricted)
rElec   .            (no cloak)
rCorr   .            (no gloves)
SInv    .            (no boots)
Will    .....        (no amulet) Stlth
                     (no ring)
HPRegen 0.28/turn    (no ring)
MPRegen 0.09/turn

%: no passive effects
@: mighty, berserking (expiring), studying Fighting, very quick
A: horns 1, spiny 1
a: no special abilities


You were on level 1 of the Dungeon.
You visited 1 branch of the dungeon, and saw 2 of its levels.

You collected 85 gold pieces.

Inventory:

Hand Weapons
 a - a +0 trident (weapon)
Missiles
 d - 3 throwing nets (quivered)
 e - a javelin
Armour
 b - a +0 leather armour (worn)
Scrolls
 g - a scroll of poison
Potions
 f - 2 potions of might
 h - 3 potions of curing {unknown}
 i - a potion of lignification
 k - a potion of brilliance


   Skills:
 + Level 3.1 Fighting
 + Level 3.2 Polearms
 - Level 1.7 Throwing
 + Level 1.4 Armour
 + Level 3.2 Dodging


You had 3 spell levels left.
You didn't know any spells.
Your spell library contained the following spells:

 Spells                   Type           Power      Damage    Failure   Level
 Kiss of Death            Conj/Necr      0%         2d5       45%         1
 Confusing Touch          Hex            0%         N/A       83%         3
 Dispel Undead            Necr           0%         3d6       99%         4


Dungeon Overview and Level Annotations

Branches:
Dungeon (2/15)

Altars:


Innate Abilities, Weirdness & Mutations

You have a pair of small horns on your head.
You are partially covered in sharp spines.


Message History

The orc warrior closely misses you.
You hit the orc warrior.
The orc warrior is lightly wounded.
You barely miss the orc warrior. You headbutt the orc warrior!
The orc warrior is heavily wounded.
The orc warrior hits you with a +0 long sword!
You barely miss the orc warrior.
The orc warrior is heavily wounded.
The orc warrior hits you with a +0 long sword!
You closely miss the orc warrior.
The orc warrior is heavily wounded.
The orc warrior hits you with a +0 long sword!
You are too injured to fight recklessly!
You are too injured to fight recklessly!
You are too injured to fight recklessly!
You closely miss the orc warrior.
You headbutt the orc warrior, but do no damage.
The orc warrior is heavily wounded.
The orc warrior barely misses you.
You hit the orc warrior but do no damage.
The orc warrior is heavily wounded.
You closely miss the orc warrior.
The orc warrior is heavily wounded.
The orc warrior closely misses you.
You barely miss the orc warrior. You headbutt the orc warrior.
The orc warrior is heavily wounded.
The orc warrior misses you.
You barely miss the orc warrior. Your headbutt misses the orc warrior.
The orc warrior is heavily wounded.
The orc warrior hits you with a +0 long sword.
You puncture the orc warrior! You headbutt the orc warrior.
The orc warrior is almost dead.
You closely miss the orc warrior.
The orc warrior is almost dead.
The orc warrior hits you with a +0 long sword!
* * * LOW HITPOINT WARNING * * *
You closely miss the orc warrior.
The orc warrior is almost dead.
The orc warrior hits you with a +0 long sword!
You die...

#........# #........#
##.###.### #.....#
########################.>#
#....................# #.##
..#....#.............# #.#
.##...#.......o###...# #.#
...........)..{o@....# #.#
.#...#....########...# #.#
#...#....## ♣.♣.#...###.#
..#....o#####o...#...##..#
##......8.#.#o_..#......##
.........)o.oo...#...####
#.##........'o...#...#
..#.....8.#.#o8..#...#
#.......#####....#...#


You could see an orc warrior and an orc.

Vanquished Creatures
  3 adders (D:2)
  A dart slug (D:2)
  4 orcs (D:1)
  4 bats
  3 endoplasms
  A goblin (D:2)
  3 hobgoblins
  3 jackals (D:1)
  3 kobolds
  3 quokkas
  4 ball pythons
  A frilled lizard (D:1)
  3 rats
36 creatures vanquished.

Notes
Turn   | Place    | Note
-------+----------+-------------------------------------------
     0 | D:1      | Demosthentine the Demonspawn Gladiator began the quest for
                  | the Orb.
     0 | D:1      | Reached XP level 1. HP: 16/16 MP: 1/1
     0 | D:1      | Upgraded the game from 0.31-a0-339-gda1cbd555d to
                  | 0.31-a0-360-gb3e1d13bf4
    40 | D:1      | Found a large runed translucent door.
    40 | D:1      | Found a large runed translucent door.
    49 | D:1      | Noticed an orc wizard
    73 | D:1      | Noticed an orc warrior
   201 | D:1      | Gained mutation: You are partially covered in sharp spines.
                  | [demonic ancestry]
   201 | D:1      | Reached XP level 2. HP: 17/22 MP: 2/2
   686 | D:1      | Identified a scroll of acquirement
   686 | D:1      | Acquired a manual of Fighting
   772 | D:2      | Reached skill level 1 in Armour
   795 | D:2      | Gained mutation: You have a pair of small horns on your
                  | head. [demonic ancestry]
   795 | D:2      | Reached XP level 3. HP: 25/28 MP: 3/3
   816 | D:2      | Found a faded altar of an unknown god.
  1499 | D:1      | Reached XP level 4. HP: 35/35 MP: 4/4
  1511 | D:1      | Mangled by an orc warrior

Illustrated notes

Levels and vault maps discovered:
D:1:      erik_arrival_cave_to_civilisation [erik_arrival_cave_to_temple],
          layout_basic
D:2:      layout_basic, hellmonk_ecumenical_altar_zigzags, minmay_crystal_water

Skill      XL: |  1  2  3 |
---------------+----------+-----
Polearms       | 3 |  3.2
Dodging        | 3 |  3.2
Armour         | 1 |  1.4
Fighting       | 3 |  3.1
Throwing       | |  1.7

Action                     |  1- 3 |  4- 6 || total
---------------------------+-------+-------++-------
  Melee: Trident           |    82 |    12 ||    94
         Headbutt          |     4 |     4 ||     8
    Use: Scroll            |     7 |       ||     7
         Potion            |     1 |     1 ||     2
   Stab: Sleeping          |     3 |       ||     3
 Armour: Leather armour    |    17 |       ||    17
  Dodge: Dodged            |    45 |     4 ||    49

Table legend: (Time is in decaauts)
 A = Elapsed time spent in this place.
 B = Non-inter-level travel time spent in this place.
 C = Inter-level travel time spent in this place.
 D = Time resting spent in this place.
 E = Time spent auto-exploring this place.
 F = Levels seen in this place.
 G = Mean time per level.
                   A        B        C        D        E       F      G
               +--------+--------+--------+--------+--------+-----+--------+
         Total |   1521 |   1464 |     57 |     74 |   1124 |   2 |  760.5 |
       Dungeon |   1521 |   1464 |     57 |     74 |   1124 |   2 |  760.5 |
               +--------+--------+--------+--------+--------+-----+--------+

Top non-repeatable levels by time:
     D:1: 785 daAuts
     D:2: 736 daAuts
